 Dungeon Crawl Stone Soup version 0.28-a0-1429-gf3d713df7a (webtiles) character file.

Game seed: 1396650115812155908

31927 shadowrider38 the Severer (level 13, -10/134 HPs)
             Began as a Hill Orc Fighter on Jan 8, 2022.
             Was an Initiate of Gozag.
             Mangled by a komodo dragon (20 damage)
             ... on level 2 of the Lair of Beasts.
             The game lasted 00:52:56 (28031 turns).

shadowrider38 the Severer (Hill Orc Fighter)       Turns: 28031, Time: 00:52:57

Health: -10/134    AC: 15    Str: 24    XL:     13   Next: 61%
Magic:  13/13      EV:  8    Int:  8    God:    Gozag
Gold:   3720       SH:  5    Dex: 10    Spells: 12/12 levels left

rFire   . . .      SeeInvis .   a - +1 broad axe (flame)
rCold   + . .      Faith    .   c - +0 buckler
rNeg    . . .      Spirit   .   g - +0 chain mail {rC+}
rPois   +          Reflect  .   o - +1 helmet
rElec   +          Harm     .   (no cloak)
rCorr   .          Rampage  .   f - +0 pair of gloves
Will    ++...                   u - +1 pair of boots of the Eternal Void {rElec rPois}
Stlth   ..........              D - amulet of the acrobat
HPRegen 0.32/turn               V - ring of willpower
MPRegen 0.13/turn               B - ring of willpower

@: gold aura
A: no striking features
a: Renounce Religion, Potion Petition, Call Merchant, Bribe Branch


You were on level 2 of the Lair of Beasts.
You worshipped Gozag.
Gozag was most pleased with you.
You visited 4 branches of the dungeon, and saw 17 of its levels.
You also visited: Bailey and Ice Cave.

You collected 3793 gold pieces.
You paid 73 gold pieces to Gozag.

Inventory:

Hand Weapons
 a - a +1 broad axe of flaming (weapon)
Missiles
 e - 6 boomerangs
 y - 3 curare-tipped darts
 M - 105 poisoned darts (quivered)
 O - 8 throwing nets
 W - 2 silver boomerangs
Armour
 c - a +0 buckler (worn)
 f - a +0 pair of gloves (worn)
 g - a +0 chain mail of cold resistance (worn)
 o - a +1 helmet (worn)
 s - the +18 Lear's hauberk
   (You found it on level 8 of the Dungeon)
 u - the +1 pair of boots of the Eternal Void (worn) {rElec rPois}
   (You found it on level 5 of the Dungeon)

   rElec:     It insulates you from electricity.
   rPois:     It protects you from poison.
 N - a +0 plate armour
 Z - the +3 ring mail of Etsog {rN+ Will+ Dex-3}
   (You found it in an ice cave)

   Dex:       It affects your dexterity (-3).
   rN:        It protects you from negative energy.
   Will:      It increases your willpower.
Jewellery
 p - a ring of see invisible
 B - a ring of willpower (right hand)
 D - an amulet of the acrobat (around neck)
 H - a ring of protection from fire
 V - a ring of willpower (left hand)
Wands
 t - a wand of flame (14)
 v - a wand of polymorph (13)
 G - a wand of iceblast (6)
 J - a wand of mindburst (12)
 T - a wand of paralysis (4)
 X - a wand of digging (9)
Scrolls
 h - 2 scrolls of teleportation
 i - 3 scrolls of enchant armour
 j - 2 scrolls of holy word {unknown}
 k - 3 scrolls of blinking
 r - a scroll of brand weapon {unknown}
 x - 2 scrolls of torment {unknown}
 A - 3 scrolls of summoning
 C - 4 scrolls of enchant weapon {unknown}
 E - 2 scrolls of fear
 F - a scroll of silence
 I - 2 scrolls of vulnerability
 Q - a scroll of immolation
 R - a scroll of fog {unknown}
 Y - a scroll of amnesia {unknown}
Potions
 b - 3 potions of mutation
 d - 3 potions of might
 l - 3 potions of attraction
 m - 6 potions of curing
 n - a potion of ambrosia
 q - 2 potions of invisibility {unknown}
 w - 3 potions of flight
 z - 4 potions of haste {unknown}
 K - 2 potions of brilliance {unknown}
 L - 2 potions of lignification
 P - a potion of heal wounds {unknown}
 S - 3 potions of resistance {unknown}
 U - a potion of cancellation {unknown}


   Skills:
 + Level 18.0 Fighting
 - Level 18.0 Axes
 + Level 5.6 Armour
 + Level 3.2 Dodging
 + Level 7.4 Shields
 - Level 5.5 Evocations


You had 12 spell levels left.
You didn't know any spells.
Your spell library contained the following spells:

 Spells                   Type           Power      Damage    Failure   Level
 Sting                    Tmut/Pois      0%         1d3       98%         1
 Ensorcelled Hibernation  Hex/Ice        0%         N/A       99%         2
 Poisonous Vapours        Pois/Air       0%         N/A       99%         2
 Tukima's Dance           Hex            0%         N/A       100%        3
 Olgreb's Toxic Radiance  Pois           0%         N/A       100%        4
 Blade Hands              Tmut           0%         N/A       100%        5
 Irradiate                Conj/Tmut      0%         3d13      100%        5
 Dragon Form              Tmut           0%         N/A       100%        7
 Enfeeble                 Hex            0%         N/A       100%        7


Dungeon Overview and Level Annotations

Branches:
Dungeon (12/15)            Temple (1/1) D:5            Lair (3/6) D:9
 Spider (1/4) Lair:3          Orc (0/2) D:9          Bailey (visited)
  IceCv (visited)
  Swamp: Lair:2-4    Shoals: Lair:2-4     Snake: Lair:2-4

Altars:
Ashenzari
Cheibriados
Dithmenos
Elyvilon
Fedhas
Gozag
Hepliaklqana
Kikubaaqudgha
Makhleb
Nemelex Xobeh
Okawaru
Qazlal
Ru
Sif Muna
Trog
Uskayaw
Vehumet
Wu Jian
Xom
Yredelemnul
Zin
The Shining One

Shops:
D:1 *   D:8 ??(   D:9 :

Annotations:
D:3 exclusion: downstairs


Message History

You kill the white imp!
You now have 3720 gold pieces (gained 8).
There is a stone staircase leading up here.
You start resting.
A white imp is nearby!
You climb upwards.
The black mamba hisses angrily.
The komodo dragon hisses angrily.
The black mamba bites you but does no damage. x2
The black mamba closely misses you.
Found 7 gold pieces.
There is a stone staircase leading down here.
There are monsters nearby!
Unknown command.
Unknown command.
You slice the black mamba!! You burn the black mamba!
The black mamba is almost dead.
The black mamba bites you.
You hit the black mamba. You burn the black mamba.
The black mamba is almost dead.
You block the black mamba's attack. The black mamba bites you!
* * * LOW HITPOINT WARNING * * *
You miss the black mamba.
The black mamba is almost dead.
You hit the komodo dragon but do no damage.
The black mamba bites you but does no damage.
You slice the komodo dragon!! You burn the komodo dragon.
The komodo dragon is heavily wounded.
You slash the black mamba! You burn the black mamba.
You kill the black mamba!
The komodo dragon bites you!!
* * * LOW HITPOINT WARNING * * *
You slash the komodo dragon! You burn the komodo dragon.
The komodo dragon is severely wounded.
You block the komodo dragon's attack.
Okay, then.
You hit the komodo dragon. You burn the komodo dragon.
The komodo dragon is almost dead.
The komodo dragon bites you!!
You die...
Your body crumbles into a pile of gold.

.........
.........
........
#......
#....##
#.....#
#.l...# #@...#
#..$...#
#.....##
##....# #....#
#....# ..$...
P....P
#.....###....P
P.....


You could see a komodo dragon.

Vanquished Creatures
  2 boulder beetles
  2 centaur warriors (D:8)
  4 two-headed ogres
  2 tengu warriors (D:8)
  A deep elf pyromancer (D:8)
  A necromancer (IceCv)
  An ugly thing (D:10)
  A cyclops (D:11)
  A manticore (D:10)
  6 centaur zombies
  4 black mambas
  4 gargoyles
  4 cane toads
  Psyche (D:9)
  12 ice devils (IceCv)
  4 freezing wraiths (IceCv)
  3 komodo dragons
  3 anaconda simulacra (IceCv)
  An entropy weaver simulacrum (IceCv)
  3 trolls
  A hornet (D:8)
  2 shadows (D:10)
  2 dire elephant simulacra (IceCv)
  3 wyverns
  11 yaks
  Eustachio (D:6)
  A wraith (D:11)
  4 vampire mosquitoes (D:10)
  2 steam dragons
  3 redbacks (Lair:3)
  2 death yak simulacra (IceCv)
  A harpy simulacrum (IceCv)
  2 acid dragons (D:11)
  4 water moccasins
  7 orc warriors
  4 sky beasts
  3 black bears
  An ice beast (D:6)
  2 necrophages
  13 wolves
  2 ogres (D:5)
  6 centaurs
  5 bullfrogs
  7 kobold brigands
  8 gnoll sergeants
  3 scorpions
  3 cane toad simulacra (IceCv)
  A two-headed ogre simulacrum (IceCv)
  A wyvern skeleton (D:4)
  5 wights (D:7)
  9 elephant simulacra (IceCv)
  4 electric eels (D:6)
  2 howler monkeys (D:8)
  3 jellies
  8 gnoll shamans
  6 orc priests
  7 hounds
  2 bullfrog skeletons
  A centaur skeleton (D:7)
  2 iguanas
  Terence (D:3)
  8 orc wizards
  A scorpion zombie (D:5)
  2 spriggan simulacra (IceCv)
  3 wolf simulacra (IceCv)
  2 polar bear simulacra (IceCv)
  Robin (D:3)
  2 howler monkey zombies
  28 gnolls
  A naga simulacrum (IceCv)
  6 adders
  A howler monkey skeleton (D:6)
  A shadow imp (D:6)
  10 white imps
  3 ufetubi
  An adder skeleton (D:4)
  A worm (D:4)
  12 dart slugs
  26 orcs
  2 bats
  3 endoplasms
  2 giant cockroaches
  24 goblins
  3 hobgoblins
  3 jackals (D:4)
  17 kobolds
  5 quokkas
  6 ball pythons
  6 frilled lizards
  3 rats
398 creatures vanquished.

Vanquished Creatures (others)
  An orc wizard (D:9)
  A goblin (D:3)
  10 fungi
  31 plants
43 creatures vanquished.

Grand Total: 441 creatures vanquished

Notes
Turn   | Place    | Note
-------+----------+-------------------------------------------
     0 | D:1      | shadowrider38 the Hill Orc Fighter began the quest for the
                  | Orb.
     0 | D:1      | Reached XP level 1. HP: 19/19 MP: 1/1
   399 | D:1      | Reached XP level 2. HP: 23/27 MP: 2/2
   458 | D:1      | Found Hiuzun's General Store.
  1150 | D:2      | Reached XP level 3. HP: 30/33 MP: 3/3
  2274 | D:3      | Noticed Robin
  2783 | D:3      | Noticed Terence
  2822 | D:2      | Reached XP level 4. HP: 39/41 MP: 4/4
  3055 | D:3      | Found an ornate altar of the Wu Jian Council.
  3449 | D:3      | Killed Robin
  3604 | D:3      | Killed Terence
  3605 | D:3      | Reached XP level 5. HP: 47/47 MP: 5/5
  4006 | D:4      | Reached skill level 5 in Fighting
  4561 | D:3      | Reached skill level 5 in Axes
  4561 | D:3      | Reached XP level 6. HP: 43/56 MP: 6/6
  4836 | D:4      | Reached skill level 5 in Shields
  5519 | D:5      | Entered Level 5 of the Dungeon
  6068 | D:5      | Noticed a sky beast
  6076 | D:5      | Killed a sky beast
  6077 | D:5      | Reached XP level 7. HP: 63/63 MP: 7/7
  6134 | D:5      | Identified the +1 pair of boots of the Eternal Void {rElec
                  | rPois}
  7167 | D:5      | Found a staircase to the Ecumenical Temple.
  7460 | D:5      | Reached XP level 8. HP: 73/73 MP: 8/8
  7750 | Temple   | Entered the Ecumenical Temple
  7978 | Temple   | Became a worshipper of Gozag Ym Sagoz the Greedy
  8124 | D:6      | Reached skill level 1 in Evocations
  9146 | D:6      | Reached XP level 9. HP: 74/82 MP: 9/9
  9644 | D:6      | Noticed Eustachio
  9657 | D:6      | Killed Eustachio
 10360 | D:7      | Reached skill level 10 in Axes
 11164 | D:7      | Reached skill level 5 in Evocations
 11311 | D:6      | Reached skill level 10 in Fighting
 12406 | D:8      | Found Xixemaeh's Antique Weapon Emporium.
 12459 | D:8      | Reached XP level 10. HP: 73/94 MP: 10/10
 12804 | D:8      | Found Wegytraa's Magic Scroll Boutique.
 13098 | D:8      | Found Bitovet's Magic Scroll Emporium.
 13656 | D:8      | Noticed a two-headed ogre
 13657 | D:8      | Noticed a centaur warrior
 13657 | D:8      | Noticed a boulder beetle
 13658 | D:8      | Noticed a gargoyle
 13832 | D:8      | Killed a centaur warrior
 14158 | D:8      | Noticed a gargoyle
 14184 | D:8      | Killed a gargoyle
 14207 | D:8      | Noticed a centaur warrior
 14208 | D:8      | Noticed a tengu warrior
 14222 | D:8      | Killed a centaur warrior
 14763 | D:8      | Noticed a two-headed ogre
 14808 | D:8      | Killed a two-headed ogre
 15018 | D:8      | Noticed a two-headed ogre
 15052 | D:8      | Killed a two-headed ogre
 15053 | D:8      | Reached XP level 11. HP: 72/107 MP: 11/11
 15210 | D:8      | Noticed a deep elf pyromancer
 15289 | D:8      | Killed a deep elf pyromancer
 15371 | D:8      | Identified a scroll of acquirement
 15372 | D:8      | Acquired a +1 broad axe of flaming
 15550 | D:8      | Killed a boulder beetle
 15855 | D:8      | Killed a tengu warrior
 15945 | D:8      | Noticed a tengu warrior
 15961 | D:8      | Killed a tengu warrior
 16102 | D:8      | Found the +18 Lear's hauberk
 16340 | D:9      | Reached skill level 15 in Axes
 16395 | D:9      | Found a staircase to the Lair.
 16501 | D:9      | Noticed Psyche
 16506 | D:9      | Killed Psyche
 16647 | D:9      | Found Oremm's Book Shop.
 16650 | D:9      | Found a staircase to the Orcish Mines.
 16711 | D:9      | Found a broken altar of Ashenzari.
 16786 | D:9      | Found a flagged portal.
 16794 | Bailey   | Entered a bailey
 17591 | Bailey   | Identified the +0 hat of Feasting {Dex+5}
 17882 | D:9      | Found a stormy altar of Qazlal.
 18355 | D:10     | Entered Level 10 of the Dungeon
 18393 | D:10     | Noticed a two-headed ogre
 18618 | D:10     | Noticed a manticore
 18619 | D:10     | Reached skill level 15 in Fighting
 18620 | D:10     | Reached XP level 12. HP: 104/119 MP: 12/12
 18642 | D:10     | Noticed a two-headed ogre
 18779 | D:10     | Killed a two-headed ogre
 18981 | D:10     | Killed a two-headed ogre
 19947 | D:11     | Noticed a boulder beetle
 19969 | D:11     | Killed a boulder beetle
 20053 | D:11     | Found a gate leading to a gauntlet.
 20965 | Lair:1   | Entered Level 1 of the Lair of Beasts
 21719 | Lair:1   | Reached XP level 13. HP: 132/132 MP: 13/13
 22153 | Lair:2   | You fall into a shaft and drop 1 floor!
 22155 | Lair:3   | Found a hole to the Spider Nest.
 22196 | Lair:3   | Reached skill level 1 in Dodging
 22231 | Spider:1 | Entered Level 1 of the Spider Nest
 22453 | Lair:3   | Found a frozen archway.
 22463 | IceCv    | Entered an ice cave
 26194 | IceCv    | Identified the +3 ring mail of Etsog {rN+ Will+ Dex-3}
 26248 | IceCv    | Found an ancient bone altar of Kikubaaqudgha.
 26763 | IceCv    | Reached skill level 5 in Armour
 27487 | IceCv    | Glimpsed the power of Zot.
 27999 | IceCv    | Glimpsed the power of Zot.
 28031 | Lair:2   | Mangled by a komodo dragon

Illustrated notes

Levels and vault maps discovered:
D:1:      dpeg_arrival_triangle_fractal, layout_loops_cross, serial_forest,
          infiniplex_forest_corner_1, infiniplex_forest_straight_3,
          infiniplex_forest_clump_double, infiniplex_forest_corner_2,
          infiniplex_forest_lined_room_2, infiniplex_forest_lined_room_,
          infiniplex_forest_clump_small, infiniplex_forest_clump_C,
          serial_shops, nicolae_square_shop
D:2:      layout_loops_ring, minmay_close_crescents
D:3:      layout_loops_cross, lemuel_round_altar, uniq_terence, uniq_robin
D:4:      layout_rooms
D:5:      kennysheep_slugbush, layout_basic, temple_fountains
D:6:      minmay_inner_zag, layout_loops_ring, minmay_strange_pillars,
          amcnicky_mini_pool_small, nrook_mini_vaults, chequers_big_river,
          hangedman_abyss_or_decor_jellyfish_corner, glass_columns_a,
          uniq_eustachio
D:7:      layout_cave_pods
D:8:      hangedman_cross_veins, layout_loops_corners, serial_shops,
          nicolae_shop_hallway_plus, shop, shop, hellmonk_guarded_unrand_lears
D:9:      layout_layer_cave, mainiacjoe_overflow_big_doors,
          grunt_lair_entry_orc_guard_hut, serial_shops, nicolae_shop_stone,
          enter_bailey_3, uniq_psyche
D:10:     nzn_winding_woodlands_small [nzn_winding_woodlands_5x15_concentric,
          nzn_winding_woodlands_center_lodge,
          nzn_winding_woodlands_5x15_pockets], layout_gridville
D:11:     layout_loops_ring, gauntlet_entry_generic
D:12:     layout_loops_ring
Temple:   mainiacjoe_temple_bowtie_tessellation
Lair:1:   layout_roguey
Lair:2:   layout_long_grid, swamp_mist_pool, st_stairs_12
Lair:3:   layout_hall_layers, spider_nest_entry_webs,
          portal_ice_cave_entry_imps, serial_bayou_lagoon_a, uniq_urug
Spider:1: layout_chambers, nicolae_spider_circle_web

Skill      XL: |  1  2  3  4  5  6  7  8  9 10 11 12 13 |
---------------+----------------------------------------+-----
Axes           | 3 4 5 6 7 9 11 13 16 18 | 18.0
Fighting       | 4 5 6 7 8 10 13 15 17 18 | 18.0
Shields        | 4 5 7 |  7.4
Evocations     | 3 5 |  5.5
Armour         | 5 |  5.6
Dodging        | 3 |  3.2

Action                   |  1- 3 |  4- 6 |  7- 9 | 10-12 | 13-15 || total
-------------------------+-------+-------+-------+-------+-------++-------
Melee: War axe           |   132 |   151 |   380 |   133 |       ||   796
       Broad axe         |       |       |       |   425 |   220 ||   645
Throw: Stone             |       |     8 |    16 |     4 |       ||    28
       Boomerang         |       |     7 |     4 |       |       ||    11
       Dart              |       |       |       |    13 |       ||    13
Evoke: Wand              |       |       |       |    13 |       ||    13
  Use: Scroll            |       |     5 |     2 |    12 |       ||    19
       Potion            |       |       |       |     1 |       ||     1
 Stab: Distracted        |       |       |       |     6 |     5 ||    11
Armor: Scale mail        |    69 |    26 |       |       |       ||    95
       Chain mail        |       |    40 |   183 |   249 |    40 ||   512
       Plate armour      |       |       |       |   104 |    32 ||   136
Dodge: Dodged            |    58 |    45 |   100 |   232 |    56 ||   491
Block: Buckler           |    25 |    26 |    53 |   129 |    27 ||   260

Table legend: (Time is in decaauts)
 A = Elapsed time spent in this place.
 B = Non-inter-level travel time spent in this place.
 C = Inter-level travel time spent in this place.
 D = Time resting spent in this place.
 E = Time spent auto-exploring this place.
 F = Levels seen in this place.
 G = Mean time per level.
                   A        B        C        D        E       F      G
               +--------+--------+--------+--------+--------+-----+--------+
         Total |  28098 |  27265 |    833 |  13213 |   8193 |  19 | 1478.8 |
       Dungeon |  19985 |  19228 |    757 |   7696 |   6999 |  12 | 1665.4 |
        Temple |    253 |    201 |     52 |      0 |    189 |   1 |  253.0 |
          Lair |   1301 |   1278 |     23 |    282 |    735 |   3 |  433.7 |
   Spider Nest |    172 |    172 |      0 |    171 |      0 |   1 |  172.0 |
        Bailey |    880 |    880 |      0 |    428 |    253 |   1 |  880.0 |
      Ice Cave |   5505 |   5505 |      0 |   4636 |     17 |   1 | 5505.0 |
               +--------+--------+--------+--------+--------+-----+--------+

Top non-repeatable levels by time:
   IceCv: 5505 daAuts
     D:8: 3760 daAuts
     D:6: 2502 daAuts
     D:4: 2030 daAuts
     D:5: 1931 daAuts
     D:7: 1912 daAuts
     D:3: 1744 daAuts
    D:10: 1556 daAuts
     D:9: 1436 daAuts
     D:2: 1133 daAuts
     D:1: 1123 daAuts
  Lair:1: 981 daAuts
  Bailey: 880 daAuts
    D:11: 852 daAuts
  Temple: 253 daAuts
